 Dungeon Crawl Stone Soup version 0.22-a0-149-g870e420 (webtiles) character file.

165 KristoblXynda the Slasher (level 5, 0/41 HPs)
             Began as a Draconian Gladiator on Feb 7, 2018.
             Succumbed to an adder's poison
             ... on level 4 of the Dungeon.
             The game lasted 00:06:12 (3347 turns).

KristoblXynda the Slasher (Draconian Gladiator)     Turns: 3347, Time: 00:06:13

Health: 0/41       AC:  6    Str: 16    XL:     5   Next: 21%
Magic:  5/5        EV: 13    Int: 10    God:
Gold:   266        SH:  0    Dex: 12    Spells: 4/4 levels left

rFire    . . .     SeeInvis .   l - -3 short sword (curse)
rCold    . . .     Gourm    .   (no shield)
rNeg     . . .     Faith    .   (armour unavailable)
rPois    .         Spirit   .   b - +0 hat
rElec    .         Reflect  .   g - +0 cloak
rCorr    .         Harm     .   (no gloves)
MR       .....                  (no boots)
Stlth    +.........             (no amulet)
HPRegen  0.13/turn              (no ring)
MPRegen  0.09/turn              (no ring)

@: lethally poisoned (0 -> -1)
A: unfitting armour, cold-blooded, AC +5
a: no special abilities


You were on level 4 of the Dungeon.
You were not hungry.

You visited 1 branch of the dungeon, and saw 4 of its levels.

You collected 266 gold pieces.

Inventory:

Hand Weapons
 a - a +1 long sword
 l - a cursed -3 short sword (weapon)
Missiles
 c - 2 throwing nets (quivered)
Armour
 b - a +0 hat (worn)
 g - a +0 cloak (worn)
Scrolls
 i - a scroll of teleportation
Potions
 j - a potion of lignification
Comestibles
 d - 6 rations


   Skills:
 - Level 2.1 Fighting
 * Level 5.1 Long Blades
 - Level 2.0 Throwing
 + Level 3.7 Dodging


You had 4 spell levels left.
You didn't know any spells.

Dungeon Overview and Level Annotations

Branches:
Dungeon (4/15)
 Temple: D:4-7

Altars:

Annotations:
D:3 Natasha


Innate Abilities, Weirdness & Mutations

Your plain brown scales are hard. (AC +5)
You cannot fit into any form of body armour.
You are cold-blooded and may be slowed by cold attacks.


Message History

You hit the adder.
The adder is severely wounded.
The jackal barely misses you. The adder bites you but does no damage.
The jackal barely misses you.
You closely miss the adder.
The adder is severely wounded.
You feel less wooden.
Your +0 cloak unmelds from your body.
Your +0 hat unmelds from your body.
The jackal bites you but does no damage.
The adder misses you.
You hit the adder but do no damage.
Your tail-slap misses the adder.
The adder is severely wounded.
The jackal closely misses you. The adder barely misses you.
You miss the adder.
The adder is heavily wounded.
The jackal closely misses you. The adder closely misses you.
The jackal misses you.
You hit the adder.
The adder is almost dead.
You die...

##.......
#.........#
#.........#
#.........#
#.........#
###.........#
####†S.........#
.#.##...@hZ.†......#
........##.........#
.......$†..........#
........##.........#
..............)...##
.........###..<..##
..#......# ###....#
.........# #.#..#
........# #.#.##


You could see an adder, a jackal and a bullfrog skeleton.

Vanquished Creatures
  Natasha (twice) (D:3)
  Robin (D:4)
  3 adders
  A worm (D:2)
  A dart slug (D:2)
  3 leopard geckos
  5 giant cockroaches
  12 goblins
  7 hobgoblins
  10 jackals
  A quokka (D:2)
  A ball python (D:2)
  7 bats
  4 frilled lizards
  4 kobolds
  10 rats
72 creatures vanquished.

Notes
Turn   | Place    | Note
-------+----------+-------------------------------------------
     0 | D:1      | KristoblXynda the Draconian Gladiator began the quest for the Orb.
     0 | D:1      | Reached XP level 1. HP: 17/17 MP: 1/1
   230 | D:1      | Reached XP level 2. HP: 15/24 MP: 2/2
  1023 | D:2      | Reached XP level 3. HP: 29/29 MP: 3/3
  1226 | D:2      | Reached skill level 4 in Long Blades
  1655 | D:2      | Reached XP level 4. HP: 36/36 MP: 4/4
  1771 | D:3      | Noticed Natasha
  1808 | D:3      | Killed Natasha
  1864 | D:3      | Noticed Natasha
  2191 | D:3      | Noticed Robin
  2525 | D:3      | Killed Natasha
  2525 | D:3      | Reached XP level 5. HP: 11/41 MP: 5/5
  3255 | D:3      | Noticed Natasha
  3271 | D:4      | Killed Robin
  3271 | D:4      | Reached skill level 5 in Long Blades
  3311 | D:4      | HP: 1/41 [bullfrog skeleton (7)]
  3334 | D:4      | HP: 3/61 [poisoned by an adder]
  3340 | D:4      | HP: 2/61 [adder (1)]
  3347 | D:4      | Succumbed to an adder's poison

Vault maps used:
D:1:      wheals_arrival_linesprint
D:3:      uniq_natasha, uniq_robin
D:4:      nicolae_overflow_hidden_temple, kiku_gazebo_pond_becter, first_ration,
          kennysheep_nub, nicolae_dithmenos_through_a_glass_darkly,
          uniq_crazy_yiuf_cottage

Skill      XL: |  1  2  3  4  5 |
---------------+----------------+-----
Throwing       | 2 |  2.0
Dodging        | 3 |  3.7
Long Blades    | 4 5 |  5.1
Fighting       | |  2.1

Action                   |  1- 3 |  4- 6 || total
-------------------------+-------+-------++-------
Melee: Long sword        |   110 |       ||   110
       Tailslap          |    23 |    19 ||    42
       Short sword       |    25 |   181 ||   206
Throw: Throwing net      |       |     3 ||     3
  Use: Scroll            |     5 |       ||     5
       Potion            |       |     3 ||     3
 Stab: Sleeping          |     3 |       ||     3
       Held in net/web   |       |     1 ||     1
  Eat: Chunk             |     2 |     3 ||     5
       Ration            |       |     1 ||     1
Armor: Skin              |    51 |   141 ||   192
Dodge: Dodged            |   115 |   126 ||   241
       Rpst.: Long sword |    32 |       ||    32

Table legend:
 A = Spawn XP
 B = Non-spawn XP
 C = Spawn XP percentage of total XP
 D = Spawn monster count
 E = Non-spawn monster count
 F = Spawn count percentage of total count
 G = Total turns spent on level
                    A         B        C        D         E        F      G
               +---------+---------+-------+---------+---------+-------+---------
         Total |       0 |     236 |   0.0 |       0 |      72 |   0.0 |  3347
               +---------+---------+-------+---------+---------+-------+---------
           D:1 |       0 |      40 |   0.0 |       0 |      26 |   0.0 |  1021
           D:2 |       0 |      66 |   0.0 |       0 |      28 |   0.0 |  1097
           D:3 |       0 |      93 |   0.0 |       0 |      12 |   0.0 |  1142
           D:4 |       0 |      37 |   0.0 |       0 |       6 |   0.0 |    87
               +---------+---------+-------+---------+---------+-------+---------
